[Event "November 21 Late 2023"]
[Site "https://www.chess.com"]
[Date "2023.11.21"]
[Round "3"]
[White "Rasulov, Vugar"]
[Black "Ambartsumova, Karina"]
[Result "1-0"]
[Board "41"]
[TimeControl "180+1"]
[WhiteFideId "13402390"]
[BlackFideId "4166299"]
[WhiteElo "2517"]
[BlackElo "2240"]
[WhiteTeam "AZE"]
[BlackTeam "RUS"]
[WhiteClock "0:00:24"]
[BlackClock "0:00:00"]

1. c3 e5 2. d4 e4 3. Bf4 d5 4. e3 Nf6 5. Nd2 Bd6 6. Bg3 O-O 7. c4 c6 8. Rc1 Bf5 9. Qb3 Bxg3 10. hxg3 Qb6 11. Ne2 Na6 12. a3 Qxb3 13. Nxb3 dxc4 14. Na5 b5 15. Nxc6 Bd7 16. Ne5 Rfc8 17. Nc3 Be8 18. g4 h6 19. g3 Rab8 20. Be2 b4 21. axb4 Rxb4 22. Ra1 Nb8 23. Ra2 Nbd7 24. O-O Nxe5 25. dxe5 Nd7 26. Nxe4 Nxe5 27. Rc1 Rcb8 28. f4 Nd3 29. Rc3 Nxb2 30. Nd6 Bb5 31. Rxa7 Na4 32. Rc2 Nb6 33. e4 Rb1+ 34. Kf2 Bd7 35. f5 Rb4 36. Rc7 Ba4 37. Rc1 Rd8 38. Nxc4 Nxc4 39. R7xc4 Rxc4 40. Bxc4 Rd2+ 41. Ke3 Rd7 42. Bd5 Ra7 43. Kf4 Kh7 44. g5 hxg5+ 45. Kxg5 Bb5 46. g4 Bd3 47. Kf4 Be2 48. g5 Ra3 49. g6+ 1-0

[Event "November 21 Late 2023"]
[Site "https://www.chess.com"]
[Date "2023.11.21"]
[Round "3"]
[White "Remizov, Yaroslav"]
[Black "GatoRojo150"]
[Result "1-0"]
[Board "42"]
[TimeControl "180+1"]
[WhiteFideId "34134015"]
[WhiteElo "2420"]
[BlackElo "2588"]
[WhiteTeam "RUS"]
[WhiteClock "0:01:40"]
[BlackClock "0:00:56"]

1. Nf3 d5 2. c4 e6 3. g3 c5 4. cxd5 exd5 5. d4 Nc6 6. Bg2 Nf6 7. O-O cxd4 8. Nxd4 Bc5 9. Nxc6 bxc6 10. Qc2 Qb6 11. Nc3 Be7 12. Be3 Qb7 13. Rac1 O-O 14. Na4 Bd7 15. Bc5 Bxc5 16. Nxc5 Qb6 17. Nxd7 Nxd7 18. Qxc6 Nf6 19. Qxb6 axb6 20. a3 Rfd8 21. Rfd1 h5 22. h3 Ra5 23. Rd4 Rc5 24. Rcd1 Rc2 25. R1d2 Rc1+ 26. Kh2 Rb1 27. e4 Re8 28. exd5 Ree1 29. d6 Nd7 30. Bc6 Ne5 31. Bg2 h4 32. d7 hxg3+ 33. fxg3 Nxd7 34. Rxd7 1-0

[Event "November 21 Late 2023"]
[Site "https://www.chess.com"]
[Date "2023.11.21"]
[Round "3"]
[White "Deng, Henry"]
[Black "Taher, Yoseph Theolifus"]
[Result "0-1"]
[Board "43"]
[TimeControl "180+1"]
[WhiteFideId "30965454"]
[BlackFideId "7105347"]
[WhiteElo "2566"]
[BlackElo "2352"]
[WhiteTeam "USA"]
[BlackTeam "INA"]
[WhiteClock "0:00:27"]
[BlackClock "0:01:05"]

1. e4 c5 2. Nc3 g6 3. d4 cxd4 4. Qxd4 Nf6 5. Nf3 Nc6 6. Qa4 d6 7. e5 dxe5 8. Nxe5 Bd7 9. Nxd7 Qxd7 10. Be3 Bg7 11. Rd1 Qc7 12. g3 O-O 13. Bg2 a6 14. O-O Rfc8 15. Qb3 b5 16. Nd5 Nxd5 17. Bxd5 Rab8 18. c3 e6 19. Bf4 Be5 20. Bxc6 Bxf4 21. Bd7 Rd8 22. Bxe6 Be5 23. Bd5 h5 24. h4 Kg7 25. Bg2 Qc5 26. Rd5 Rxd5 27. Qxd5 Qc7 28. Re1 Bf6 29. Qf3 Rd8 30. Rd1 Re8 31. Qd3 Qc5 32. Qd2 Qc4 33. Bd5 Qg4 34. Bg2 Re2 35. Qd7 Rxb2 36. Qxg4 hxg4 37. Rd7 Bxc3 38. Bd5 Kf6 39. Rxf7+ Ke5 40. Bb3 Bd4 41. Re7+ Kf5 42. Rf7+ Ke4 43. Kf1 a5 44. Be6 Ke5 45. Bxg4 Rxa2 46. Re7+ Kd6 47. Re6+ Kc5 48. Rxg6 Rxf2+ 49. Ke1 a4 50. h5 Rh2 51. Rg5+ Kb6 52. Bd7 Rb2 53. h6 a3 54. Rg6+ Kc7 55. Be6 b4 56. h7 b3 57. Rg4 a2 58. Rxd4 a1=Q+ 59. Rd1 Qa5+ 60. Kf1 Qa6+ 61. Kg1 Qe2 62. Rc1+ Kb6 0-1

[Event "November 21 Late 2023"]
[Site "https://www.chess.com"]
[Date "2023.11.21"]
[Round "3"]
[White "aghasiyevkamal"]
[Black "Fier, Alexandr"]
[Result "1-0"]
[Board "44"]
[TimeControl "180+1"]
[BlackFideId "2107139"]
[WhiteElo "2560"]
[BlackElo "2578"]
[BlackTeam "BRA"]
[WhiteClock "0:00:10"]
[BlackClock "0:02:50"]

1. d4 Nf6 2. c4 g6 3. g3 Bg7 4. Bg2 O-O 5. Nf3 d6 6. O-O Nbd7 7. Nc3 e5 8. e4 exd4 9. Nxd4 Re8 10. h3 Nc5 11. Re1 Bd7 12. Rb1 Qc8 13. Kh2 Re5 14. f4 Rh5 15. f5 gxf5 16. Nd5 Nxd5 17. exd5 Bxd4 18. Qxh5 Bg7 19. Bh6 Qf8 20. Qg5 Nd3 21. Re7 Ne5 22. Bxg7 Qxg7 23. Qxg7+ Kxg7 24. Re1 Rd8 25. R1xe5 dxe5 26. Rxe5 Kf6 27. Re3 b6 28. Kg1 Kg5 29. Kf2 a5 30. b3 Kf6 31. Ke2 Rg8 32. Kf2 a4 33. b4 Rb8 34. a3 h5 35. h4 Rg8 36. Bf3 Rh8 37. Re1 Kg6 38. Re5 Rd8 39. Ke3 Kf6 40. Kf4 Kg6 41. Re3 Kf6 42. Bxh5 c6 43. Bf3 c5 44. b5 Rg8 45. Re1 Rh8 46. h5 Rg8 47. h6 Rh8 48. Rh1 Kg6 49. h7 Kf6 50. Rh6+ Kg7 51. Rxb6 Rxh7 52. Rb7 Be8 53. Re7 Kf8 54. d6 Rh2 55. Bc6 Rd2 56. Rxe8+ Kg7 57. d7 1-0

[Event "November 21 Late 2023"]
[Site "https://www.chess.com"]
[Date "2023.11.21"]
[Round "3"]
[White "Erzhanov, Arman"]
[Black "Wagner, Dennis"]
[Result "0-1"]
[Board "45"]
[TimeControl "180+1"]
[WhiteFideId "4138821"]
[BlackFideId "24650684"]
[WhiteElo "2171"]
[BlackElo "2482"]
[WhiteTeam "KAZ"]
[BlackTeam "GER"]
[WhiteClock "0:00:00"]
[BlackClock "0:00:04"]

1. e4 c5 2. Nf3 e6 3. b3 a6 4. Bb2 Nc6 5. g3 Nf6 6. d3 d6 7. Bg2 Be7 8. O-O O-O 9. Re1 b5 10. a4 Bb7 11. Nbd2 Nd7 12. axb5 axb5 13. Rxa8 Qxa8 14. Qa1 Bf6 15. Bxf6 Nxf6 16. Qb2 e5 17. Ra1 Qb8 18. Bh3 Qc7 19. Qc1 Nd4 20. Qb2 d5 21. exd5 Bxd5 22. Bg2 Qb7 23. Nh4 Bxg2 24. Nxg2 Ng4 25. h3 Nf6 26. Ne3 h5 27. h4 Re8 28. Re1 Re6 29. Qa2 Ra6 30. Qb2 Qa7 31. Qc3 Ra2 32. b4 cxb4 33. Qxb4 Nxc2 34. Nxc2 Rxc2 35. Rxe5 Ng4 36. Re8+ Kh7 37. Qe4+ g6 38. Qf4 Rc1+ 39. Kg2 Qb7+ 40. Nf3 Rc2 41. Qd4 Rxf2+ 42. Kg1 Rf1+ 43. Kxf1 Qxf3+ 44. Ke1 Qxg3+ 45. Kd2 Qg2+ 46. Kc3 Qc6+ 47. Kb4 Qxe8 48. Qc5 Qe6 49. Kxb5 Ne5 50. d4 Qb3+ 51. Ka6 Nd7 52. Qe7 Qd5 0-1

[Event "November 21 Late 2023"]
[Site "https://www.chess.com"]
[Date "2023.11.21"]
[Round "3"]
[White "Omariev, Maksim"]
[Black "Hansen, Sune Berg"]
[Result "0-1"]
[Board "46"]
[TimeControl "180+1"]
[WhiteFideId "4193423"]
[BlackFideId "1400266"]
[WhiteElo "2528"]
[BlackElo "2714"]
[WhiteTeam "RUS"]
[BlackTeam "DEN"]
[WhiteClock "0:00:00"]
[BlackClock "0:00:56"]

1. g4 d5 2. Bg2 c6 3. h3 e5 4. d4 Nd7 5. dxe5 Nxe5 6. Bf4 Ng6 7. Bg3 Bd6 8. Bxd6 Qxd6 9. Qd4 Nf6 10. Nc3 Qf4 11. Qxf4 Nxf4 12. Bf3 h6 13. e3 Ng6 14. O-O-O Bd7 15. Rh2 O-O-O 16. Nge2 Rhe8 17. Ng3 Ne5 18. Bh1 Nc4 19. Re1 Re7 20. b3 Nd6 21. f3 Rde8 22. Rhe2 g6 23. Bg2 h5 24. g5 Ng8 25. h4 Nf5 26. Nxf5 Bxf5 27. Kd2 f6 28. e4 dxe4 29. fxe4 Bg4 30. Rf2 fxg5 31. hxg5 Re5 32. Rf7 Rxg5 33. Ke3 Be6 34. Rf2 Nh6 35. Bf3 Ng4+ 36. Bxg4 Bxg4 37. Ref1 Rc5 0-1

[Event "November 21 Late 2023"]
[Site "https://www.chess.com"]
[Date "2023.11.21"]
[Round "3"]
[White "Martins, Bruno Andre Leite"]
[Black "Fiorito, Francisco"]
[Result "0-1"]
[Board "47"]
[TimeControl "180+1"]
[WhiteFideId "1942255"]
[BlackFideId "180165"]
[WhiteElo "2307"]
[BlackElo "2318"]
[WhiteTeam "POR"]
[BlackTeam "ARG"]
[WhiteClock "0:00:57"]
[BlackClock "0:01:52"]

1. e4 c5 2. Nf3 Nc6 3. d4 cxd4 4. Nxd4 g6 5. c4 Nf6 6. Nc3 d6 7. f3 Nxd4 8. Qxd4 Bg7 9. Be3 O-O 10. Qd2 Be6 11. Rc1 Qa5 12. b3 Rfc8 13. Bd3 a6 14. Nd5 Qxd2+ 15. Kxd2 Bxd5 16. cxd5 Nd7 17. a4 Bb2 18. Rc4 Ne5 19. Rxc8+ Rxc8 20. Bc2 Bc3+ 21. Kd1 b5 22. axb5 axb5 23. h3 Ra8 24. Bc1 Ra1 25. Ke2 b4 26. Rf1 Nd7 27. Be3 Ra2 28. Kd3 Ne5+ 0-1

[Event "November 21 Late 2023"]
[Site "https://www.chess.com"]
[Date "2023.11.21"]
[Round "3"]
[White "MKlose11"]
[Black "Gutkin, Ilya"]
[Result "1-0"]
[Board "48"]
[TimeControl "180+1"]
[BlackFideId "16203470"]
[WhiteElo "2648"]
[BlackElo "2248"]
[BlackTeam "GER"]
[WhiteClock "0:01:12"]
[BlackClock "0:00:08"]

1. e4 e5 2. Nf3 Nc6 3. d4 exd4 4. Bc4 Nf6 5. O-O Nxe4 6. Re1 d5 7. Bxd5 Qxd5 8. Nc3 Qh5 9. Nxe4 Be7 10. Bg5 Be6 11. Bxe7 Nxe7 12. Nxd4 Qxd1 13. Raxd1 O-O-O 14. Nxe6 fxe6 15. Ng5 Rxd1 16. Rxd1 e5 17. Nf7 Re8 18. Nxe5 Nf5 19. Nf3 Re2 20. Rd2 Rxd2 21. Nxd2 Nd4 22. c3 Ne2+ 23. Kf1 Nc1 24. a3 Nd3 25. b3 Kd7 26. g3 Ke6 27. Ke2 Nc5 28. Ke3 a5 29. g4 a4 30. b4 Nd7 31. h3 Nb6 32. c4 Nd7 33. f4 c6 34. Kd4 Kd6 35. Ne4+ Ke6 36. Nc5+ Nxc5 37. Kxc5 h5 38. Kb6 hxg4 39. hxg4 c5 40. bxc5 1-0

[Event "November 21 Late 2023"]
[Site "https://www.chess.com"]
[Date "2023.11.21"]
[Round "3"]
[White "Zeman, Matyas"]
[Black "Firouzja, Alireza"]
[Result "0-1"]
[Board "49"]
[TimeControl "180+1"]
[WhiteFideId "364398"]
[BlackFideId "12573981"]
[WhiteElo "2286"]
[BlackElo "2896"]
[WhiteTeam "CZE"]
[BlackTeam "FRA"]
[WhiteClock "0:00:00"]
[BlackClock "0:00:16"]

1. e4 a6 2. d4 c6 3. Nd2 d5 4. Ngf3 dxe4 5. Nxe4 Bf5 6. Bd3 e6 7. O-O Nd7 8. Re1 Ngf6 9. Nxf6+ Qxf6 10. Bxf5 Qxf5 11. Qe2 Bd6 12. Qe4 Qd5 13. b3 Nf6 14. Qd3 Rd8 15. c4 Qh5 16. Qe2 O-O 17. Bb2 Rfe8 18. h3 Bb4 19. Red1 h6 20. Rd3 Bd6 21. Rad1 Rd7 22. Qe3 Bc7 23. Ne5 Bxe5 24. Qxe5 Red8 25. Qxh5 Nxh5 26. g3 Nf6 27. Kf1 Ne4 28. Ke2 f5 29. Bc1 Kf7 30. Bf4 c5 31. Be5 cxd4 32. Bxd4 e5 33. Bxe5 Rxd3 34. Rxd3 Rxd3 35. Kxd3 Nxf2+ 36. Kd4 Nxh3 37. Kc5 g5 38. Kb6 f4 39. gxf4 gxf4 40. Kxb7 f3 41. Bg3 f2 42. Bxf2 Nxf2 43. c5 Ne4 44. c6 h5 45. c7 Nd6+ 46. Kc6 Ke6 47. b4 h4 48. a4 h3 0-1

[Event "November 21 Late 2023"]
[Site "https://www.chess.com"]
[Date "2023.11.21"]
[Round "3"]
[White "Kochiev, Ivan"]
[Black "Bortnyk, Olexandr"]
[Result "0-1"]
[Board "50"]
[TimeControl "180+1"]
[WhiteFideId "2917890"]
[BlackFideId "14120828"]
[WhiteElo "2285"]
[BlackElo "2725"]
[WhiteTeam "BUL"]
[BlackTeam "UKR"]
[WhiteClock "0:00:00"]
[BlackClock "0:01:24"]

1. e4 Nf6 2. e5 Nd5 3. c4 Nb6 4. d4 d6 5. exd6 exd6 6. Nf3 Be7 7. Nc3 O-O 8. h3 Nc6 9. Be3 Bf5 10. Bd3 Bxd3 11. Qxd3 Nb4 12. Qe2 d5 13. b3 Bf6 14. O-O Re8 15. Rfe1 c6 16. a3 Na6 17. Qd3 dxc4 18. bxc4 Nc5 19. Qc2 Ne6 20. Ne4 Bxd4 21. Rad1 c5 22. Nxc5 Nxc5 23. Bxd4 Rxe1+ 24. Rxe1 Ne6 25. Bb2 Qc7 26. Ne5 Rc8 27. Re4 Qe7 28. Rg4 Nd7 29. Nf3 Rc5 30. Qc3 f5 31. Rg3 b5 32. Nd2 Ne5 33. Qb4 f4 0-1

[Event "November 21 Late 2023"]
[Site "https://www.chess.com"]
[Date "2023.11.21"]
[Round "3"]
[White "Paravyan, David"]
[Black "arenal72"]
[Result "1-0"]
[Board "51"]
[TimeControl "180+1"]
[WhiteFideId "4194985"]
[WhiteElo "2566"]
[BlackElo "2508"]
[WhiteTeam "FID"]
[WhiteClock "0:01:04"]
[BlackClock "0:00:01"]

1. e4 Nc6 2. Nf3 d6 3. d4 Nf6 4. c3 g6 5. Bb5 a6 6. Ba4 b5 7. Bc2 Bg7 8. O-O O-O 9. h3 e5 10. Re1 Bb7 11. Nbd2 Qe7 12. Nf1 h6 13. Ng3 Rfe8 14. Be3 Nb8 15. a4 Nbd7 16. d5 c5 17. a5 Rf8 18. b3 Rae8 19. Nh4 Kh7 20. Nhf5 gxf5 21. Nxf5 Qd8 22. Nxd6 Bc8 23. f4 Rg8 24. Rf1 Ref8 25. Qf3 Ne8 26. Nf5 Qf6 27. Kh1 Nd6 28. Ng3 Qg6 29. Nh5 f6 30. b4 cxb4 31. cxb4 Nc4 32. f5 Qf7 33. Bf2 Nd2 34. Qe2 Nxf1 35. Rxf1 Bh8 36. Be3 Rg5 37. Bxg5 fxg5 38. Bd1 Nf6 39. Nxf6+ Bxf6 40. Qc2 Qe7 41. Bh5 Bd7 42. Bg6+ Kg7 43. d6 Qxd6 44. Rd1 Qc6 45. Qb3 Be8 46. Bxe8 Rxe8 47. Rd5 Rc8 48. Kh2 Qc4 49. Rd7+ Kh8 50. Qf3 Qg8 51. Qh5 Bg7 52. Qg6 Qf8 53. Rf7 Qg8 54. Ra7 Qf8 55. Rxa6 Rc4 56. f6 Rxe4 57. fxg7+ Qxg7 58. Ra8+ 1-0

[Event "November 21 Late 2023"]
[Site "https://www.chess.com"]
[Date "2023.11.21"]
[Round "3"]
[White "Cristi_Coca"]
[Black "Sarana, Alexey"]
[Result "0-1"]
[Board "52"]
[TimeControl "180+1"]
[BlackFideId "24133795"]
[WhiteElo "2506"]
[BlackElo "2707"]
[BlackTeam "SRB"]
[WhiteClock "0:00:56"]
[BlackClock "0:01:29"]

1. e4 e5 2. Nf3 Nc6 3. Bc4 Nf6 4. d3 Bc5 5. c3 d6 6. O-O h6 7. Re1 O-O 8. h3 a5 9. Bb3 Be6 10. Bc2 Ba7 11. Nbd2 Re8 12. Nf1 d5 13. exd5 Bxd5 14. Ng3 Qd7 15. Be3 Bxe3 16. Rxe3 Rad8 17. Qe2 Qd6 18. Re1 Bxa2 19. Nxe5 Nxe5 20. Rxe5 Rxe5 21. Qxe5 Re8 22. Qxe8+ Nxe8 23. Rxe8+ Kh7 24. c4 Qb4 25. d4+ g6 26. Ne4 Kg7 27. Nc5 Qxb2 0-1

[Event "November 21 Late 2023"]
[Site "https://www.chess.com"]
[Date "2023.11.21"]
[Round "3"]
[White "Galchenko, Matvey"]
[Black "Musovic, Armin"]
[Result "1-0"]
[Board "53"]
[TimeControl "180+1"]
[WhiteFideId "24175480"]
[BlackFideId "939935"]
[WhiteElo "2406"]
[BlackElo "2322"]
[WhiteTeam "FID"]
[BlackTeam "MNE"]
[WhiteClock "0:02:09"]
[BlackClock "0:02:02"]

1. e4 c6 2. d4 d5 3. exd5 cxd5 4. Bd3 Nc6 5. c3 Nf6 6. h3 g6 7. Nf3 Bg7 8. O-O O-O 9. Re1 Re8 10. Bf4 Nd7 11. Nbd2 e6 12. Ne5 Ndxe5 13. dxe5 Bd7 14. Nf3 Rc8 15. Qd2 Qc7 16. h4 h5 17. Bh2 a6 18. Qf4 Ne7 19. g4 hxg4 20. Qxg4 Nf5 21. h5 gxh5 22. Qxh5 Bb5 23. Bxf5 exf5 24. Ng5 Re6 25. Qh7+ Kf8 26. Qxf5 Rh6 27. Bg3 Qe7 28. Qxc8+ 1-0

[Event "November 21 Late 2023"]
[Site "https://www.chess.com"]
[Date "2023.11.21"]
[Round "3"]
[White "Gholami Orimi, Mahdi"]
[Black "ExchangeAB"]
[Result "1-0"]
[Board "54"]
[TimeControl "180+1"]
[WhiteFideId "12558486"]
[WhiteElo "2331"]
[BlackElo "2501"]
[WhiteTeam "IRI"]
[WhiteClock "0:00:36"]
[BlackClock "0:00:08"]

1. d4 d5 2. c4 c6 3. Nf3 Nf6 4. Nc3 dxc4 5. a4 Bf5 6. Ne5 Nbd7 7. Nxc4 Nb6 8. Ne5 a5 9. h4 e6 10. f3 h6 11. e4 Bh7 12. Be3 Bb4 13. Be2 O-O 14. Qd2 Nfd7 15. Nxd7 Qxd7 16. O-O Qe7 17. Qe1 f5 18. Qg3 Kh8 19. Bf4 Rad8 20. Rad1 Bd6 21. Bxd6 Qxd6 22. Qxd6 Rxd6 23. e5 Rd7 24. Rd2 Rfd8 25. Rfd1 g5 26. hxg5 hxg5 27. g3 f4 28. gxf4 gxf4 29. Kf2 Rg7 30. Rh1 Kg8 31. Rh4 Rf8 32. b3 Kf7 33. Ne4 Bxe4 34. fxe4 Ke7 35. Bf3 Nd7 36. Rh5 Rff7 37. d5 cxd5 38. exd5 exd5 39. e6 Rh7 40. Rxh7 Rxh7 41. exd7 Kxd7 42. Rxd5+ Kc7 43. Rxa5 Rh2+ 44. Bg2 Rh6 45. Rb5 Rd6 46. Rxb7+ Kc8 47. Rb5 1-0

[Event "November 21 Late 2023"]
[Site "https://www.chess.com"]
[Date "2023.11.21"]
[Round "3"]
[White "Sreyas Payyappat"]
[Black "Tang, Andrew"]
[Result "0-1"]
[Board "55"]
[TimeControl "180+1"]
[WhiteFideId "46674969"]
[BlackFideId "2059630"]
[WhiteElo "2043"]
[BlackElo "2589"]
[WhiteTeam "IND"]
[BlackTeam "USA"]
[WhiteClock "0:00:00"]
[BlackClock "0:00:24"]

1. e4 e5 2. Nf3 Nc6 3. Bc4 Nf6 4. d4 exd4 5. e5 d5 6. Bb5 Ne4 7. Nxd4 Bc5 8. Be3 Bd7 9. Bxc6 bxc6 10. O-O Qe7 11. f3 Nd6 12. f4 Nc4 13. Qe2 Nxb2 14. Nd2 O-O 15. N2b3 Bb6 16. Bf2 Rae8 17. Rae1 Nc4 18. Kh1 c5 19. Nf3 Bf5 20. h3 f6 21. Bh4 Qf7 22. Qf2 fxe5 23. fxe5 Be4 24. Qg3 Bxc2 25. Bf6 Qg6 26. Qxg6 Bxg6 27. Bg5 Nxe5 28. Nxe5 Rxf1+ 29. Rxf1 Rxe5 30. Bf4 Re8 31. Bg3 c4 0-1

[Event "November 21 Late 2023"]
[Site "https://www.chess.com"]
[Date "2023.11.21"]
[Round "3"]
[White "Silva Lucena, Cristian"]
[Black "Khamrakulov, Djurabek"]
[Result "0-1"]
[Board "56"]
[TimeControl "180+1"]
[WhiteFideId "2232588"]
[BlackFideId "14201143"]
[WhiteElo "2248"]
[BlackElo "2535"]
[WhiteTeam "ESP"]
[BlackTeam "UZB"]
[WhiteClock "0:01:35"]
[BlackClock "0:02:31"]

1. e4 Nc6 2. Nf3 d5 3. exd5 Qxd5 4. Nc3 Qa5 5. Bc4 Bg4 6. d3 Nd4 7. Be3 Nxf3+ 8. gxf3 Bh5 9. Rg1 h6 10. Qe2 e6 11. O-O-O Ba3 12. Bd2 Bf8 13. Bxe6 fxe6 14. Qxe6+ Ne7 15. Nd5 Qxd5 0-1

[Event "November 21 Late 2023"]
[Site "https://www.chess.com"]
[Date "2023.11.21"]
[Round "3"]
[White "Yeletsky, Ivan"]
[Black "Pourkashiyan, Atousa"]
[Result "1-0"]
[Board "57"]
[TimeControl "180+1"]
[WhiteFideId "24180327"]
[BlackFideId "12502014"]
[WhiteElo "2358"]
[BlackElo "2221"]
[WhiteTeam "RUS"]
[BlackTeam "USA"]
[WhiteClock "0:00:50"]
[BlackClock "0:00:00"]

1. c4 e6 2. g3 d5 3. Nf3 Nf6 4. Bg2 Be7 5. O-O d4 6. d3 c5 7. e4 dxe3 8. Bxe3 Nc6 9. d4 cxd4 10. Nxd4 Nxd4 11. Bxd4 O-O 12. Nc3 Nd7 13. Re1 Bf6 14. b4 Rb8 15. Ne4 Bxd4 16. Qxd4 Nf6 17. Qxa7 Nxe4 18. Qxb8 Nf6 19. Rad1 Qb6 20. Qd6 Qa7 21. Re2 Bd7 22. b5 Rc8 23. h3 Rxc4 24. Qe7 Rd4 25. Red2 e5 26. Qxe5 Rxd2 27. Rxd2 h6 28. Kh2 Qa5 29. Re2 Qb6 30. a4 Qa7 31. Qf4 b6 32. Rd2 Qa5 33. g4 Qc3 34. Qd4 Qc7+ 35. Qd6 Qc3 36. Re2 Qb3 37. Qxb6 Qxa4 38. Qb8+ Kh7 39. b6 Qc4 40. Bf3 Qc3 41. Kg2 Bc6 42. Qf4 Bxf3+ 43. Qxf3 Qb4 44. b7 Qb5 45. Qf5+ 1-0

[Event "November 21 Late 2023"]
[Site "https://www.chess.com"]
[Date "2023.11.21"]
[Round "3"]
[White "Szpar, Milosz"]
[Black "BM223344"]
[Result "1-0"]
[Board "58"]
[TimeControl "180+1"]
[WhiteFideId "1184989"]
[WhiteElo "2446"]
[BlackElo "2492"]
[WhiteTeam "POL"]
[WhiteClock "0:01:24"]
[BlackClock "0:02:01"]

1. e4 e6 2. d4 d5 3. Nc3 Nf6 4. Bg5 Be7 5. e5 Nfd7 6. h4 h6 7. Bxe7 Qxe7 8. Qg4 O-O 9. f4 f5 10. Qd1 c5 11. Nf3 Nc6 12. Qd2 a6 13. h5 b5 14. Ne2 cxd4 15. Nexd4 Nxd4 16. Nxd4 Nc5 17. Bd3 Bb7 18. O-O-O Rfc8 19. Kb1 Ne4 20. Qe1 b4 21. Bxe4 dxe4 22. g4 fxg4 23. Rg1 Qf7 24. Rxg4 Qxh5 25. Qg3 Qf7 26. Rg1 Rc7 27. Nxe6 Qxe6 28. Rxg7+ Kh8 29. Rxc7 Rg8 30. Qxg8+ Qxg8 31. Rxg8+ Kxg8 32. Rxb7 e3 33. Rxb4 e2 34. Re4 1-0

[Event "November 21 Late 2023"]
[Site "https://www.chess.com"]
[Date "2023.11.21"]
[Round "3"]
[White "Ghasi, Ameet K"]
[Black "Koutlas, Nikolaos"]
[Result "1-0"]
[Board "59"]
[TimeControl "180+1"]
[WhiteFideId "409200"]
[BlackFideId "25827138"]
[WhiteElo "2558"]
[BlackElo "2215"]
[WhiteTeam "ENG"]
[BlackTeam "GRE"]
[WhiteClock "0:00:02"]
[BlackClock "0:00:00"]

1. b3 c5 2. Bb2 Nc6 3. e4 e5 4. Nf3 d6 5. Bc4 g6 6. h4 h6 7. c3 Bg7 8. d4 exd4 9. O-O Nge7 10. cxd4 O-O 11. Na3 a6 12. Nc2 b5 13. Be2 Bb7 14. a4 Qb6 15. Qd2 Rac8 16. axb5 axb5 17. Na3 Nxd4 18. Nxd4 cxd4 19. Nxb5 Bxe4 20. Nxd4 Qb7 21. Ba6 Qd5 22. Bxc8 Rxc8 23. Ra5 Rc5 24. b4 Rxa5 25. bxa5 Bxg2 26. Rd1 Bh3 27. f3 Qc5 28. Qe3 Nc6 29. a6 Ne5 30. Rc1 Nc4 31. Qf2 Qd5 32. a7 Nxb2 33. Kh2 1-0

[Event "November 21 Late 2023"]
[Site "https://www.chess.com"]
[Date "2023.11.21"]
[Round "3"]
[White "FuenfgegenWilly"]
[Black "BardArtem"]
[Result "0-1"]
[Board "60"]
[TimeControl "180+1"]
[WhiteElo "2485"]
[BlackElo "2794"]
[WhiteClock "0:00:07"]
[BlackClock "0:00:09"]

1. e4 e5 2. Nc3 Nc6 3. f4 exf4 4. Nf3 g5 5. g3 g4 6. Nh4 d6 7. d4 f3 8. Bf4 Nge7 9. Qd2 Ng6 10. Nxg6 hxg6 11. O-O-O Bg7 12. Bb5 Bd7 13. Bg5 Qxg5 14. Qxg5 Bh6 15. Qxh6 Rxh6 16. Nd5 O-O-O 17. Bxc6 bxc6 18. Nf6 Rdh8 19. Rd2 Rh3 20. Kd1 Rxg3 21. Ke1 Rg2 22. Rxg2 fxg2 23. Rg1 Rxh2 24. Kf2 Kd8 25. Kg3 Rh3+ 26. Kxg2 Ke7 27. e5 dxe5 28. dxe5 Bf5 29. Re1 Ke6 30. Ne8 Kd7 31. Nf6+ Ke6 32. Ne8 Bxc2 33. Nxc7+ Kf5 34. Rf1+ Kg5 35. e6 Be4+ 36. Kf2 g3+ 37. Ke2 Bd3+ 38. Ke1 fxe6 39. Nxe6+ Kh6 40. Rg1 Be4 41. Nf4 Rh1 42. Kf1 Rxg1+ 43. Kxg1 Kg5 44. Ne2 Kg4 45. b4 Kf3 46. Nd4+ Ke3 47. Ne6 Bd5 48. Nf8 Bf7 49. a4 Kd4 50. Nd7 Bb3 51. a5 Kc4 52. Nb8 Ba4 53. a6 Kxb4 54. Kg2 Ka5 55. Kxg3 c5 56. Kf4 c4 57. Ke4 Kb4 58. Kd5 c3 59. Nc6+ Bxc6+ 60. Kxc6 c2 61. Kb7 c1=Q 62. Kxa7 Qc7+ 63. Ka8 Ka5 64. a7 Qc8# 0-1

[Event "November 21 Late 2023"]
[Site "https://www.chess.com"]
[Date "2023.11.21"]
[Round "3"]
[White "Rosen, Eric"]
[Black "Ahn, Hongjin"]
[Result "1/2-1/2"]
[Board "61"]
[TimeControl "180+1"]
[WhiteFideId "2032562"]
[BlackFideId "13201492"]
[WhiteElo "2346"]
[BlackElo "2182"]
[WhiteTeam "USA"]
[BlackTeam "KOR"]
[WhiteClock "0:00:02"]
[BlackClock "0:00:08"]

1. e4 c5 2. Nc3 a6 3. g3 b5 4. Bg2 Bb7 5. d3 e6 6. f4 Nf6 7. Nf3 d5 8. e5 Nfd7 9. O-O Nc6 10. f5 Be7 11. fxe6 fxe6 12. Bh3 Nf8 13. Ng5 Bxg5 14. Qh5+ g6 15. Qxg5 Qxg5 16. Bxg5 Nd4 17. Rf2 Nf5 18. g4 Nd4 19. Raf1 h6 20. Bf6 Rg8 21. g5 hxg5 22. Bxg5 Nf5 23. Ne2 Nd7 24. Nf4 Kf7 25. Re1 d4 26. Bg4 Nf8 27. h3 Nh7 28. Bf6 Nxf6 29. exf6 Rae8 30. Rfe2 Bc8 31. a4 Kxf6 32. axb5 axb5 33. Ra1 e5 34. Nd5+ Kg5 35. Kh2 Bb7 36. Rg1 Bxd5 37. Bf3+ Kf6 38. Bxd5 Rg7 39. Be4 Rh8 40. Reg2 Rh6 41. Bf3 Rgh7 42. Bg4 Ne3 43. Rf2+ Ke7 44. Rf3 Nxg4+ 45. Rxg4 Ke6 46. Rfg3 Kf6 47. Rf3+ Kg7 48. Rfg3 Rh8 49. Rg5 Re8 50. Rg2 Re6 51. Re2 Kf6 52. Rg3 Rh5 53. Kg2 Rg5 54. Rxg5 Kxg5 55. Kf3 Kf5 56. Rg2 g5 57. Kg3 Rh6 58. Rf2+ Ke6 59. Rf8 Rf6 60. Re8+ Kd5 61. Rg8 Rf1 62. Rxg5 Rb1 63. b3 Rb2 64. h4 Rxc2 65. h5 Rc3 66. h6 Rxd3+ 67. Kg4 Rd1 68. h7 Rg1+ 69. Kf5 Rh1 70. Kg6 Rxh7 71. Kxh7 c4 72. bxc4+ bxc4 73. Kg6 c3 74. Kf6 c2 75. Rxe5+ Kc6 76. Re8 Kb7 77. Re1 d3 78. Re7+ Kb6 79. Rd7 c1=Q 80. Kg7 Qc3+ 81. Kg8 d2 82. Rd6+ Kc7 83. Rg6 Qc4+ 84. Kh7 Qe4 85. Kg7 Qxg6+ 86. Kh8 d1=Q 1/2-1/2

[Event "November 21 Late 2023"]
[Site "https://www.chess.com"]
[Date "2023.11.21"]
[Round "3"]
[White "Osmak, Yuliia"]
[Black "Arifarsky"]
[Result "0-1"]
[Board "62"]
[TimeControl "180+1"]
[WhiteFideId "14101602"]
[WhiteElo "2303"]
[BlackElo "2774"]
[WhiteTeam "UKR"]
[WhiteClock "0:00:00"]
[BlackClock "0:00:04"]

1. e4 c5 2. Nf3 e6 3. g3 b6 4. Bg2 Bb7 5. Nc3 Nc6 6. O-O e5 7. d3 d6 8. Nd2 Nf6 9. Nc4 Be7 10. f4 O-O 11. f5 Nd4 12. Ne3 b5 13. g4 b4 14. Ne2 h6 15. Ng3 d5 16. c3 bxc3 17. bxc3 Nb5 18. c4 dxc4 19. Nxc4 Ba6 20. g5 hxg5 21. Bxg5 Nh7 22. Be3 Re8 23. Qc2 Nd4 24. Qa4 Bb5 25. Qd1 Bxc4 26. dxc4 Bg5 27. Bf2 Nf6 28. Ne2 Rb8 29. Nc3 Rb2 30. Rb1 Qb8 31. Nb5 Rxb1 32. Qxb1 a6 33. Nc3 Qd6 34. Nd5 Nxd5 35. cxd5 Rb8 36. Qd3 Rb2 37. Rb1 Qb6 38. Rxb2 Qxb2 39. d6 Qb6 40. d7 Qd6 0-1